 Dungeon Crawl Stone Soup version 0.17-a0-2007-g96ac4c4 (webtiles) character file.

323 Oddball22 the Skirmisher (level 6, -1/75 HPs)
             Began as a Demonspawn Fighter on Oct 9, 2015.
             Succumbed to an orc wizard's poison
             ... on level 4 of the Dungeon.
             The game lasted 00:06:50 (3298 turns).

Oddball22 the Skirmisher (Demonspawn Fighter)       Turns: 3298, Time: 00:06:50

Health: -1/75      AC: 11    Str: 22    XL:     6   Next: 23%
Magic:  15/15      EV:  7    Int:  9    God:
Gold:   209        SH: 10    Dex: 14    Spells: 0 memorised, 5 levels left

rFire  + . .     SeeInvis .     a - +0 flail
rCold  x . .     Clarity  .     b - +0 scale mail
rNeg   . . .     SustAt   .     c - +0 shield
rPois  .         Gourm    .     (no helmet)
rElec  .         Spirit   .     u - +0 cloak (curse)
rCorr  .         Warding  .     A - +0 pair of gloves
rMut   .         Stasis   .     (no boots)
MR     .....                    D - amulet of faith
Stlth  ..........               t - ring of fire
                                p - ring of magical power

@: berserking, lethally poisoned (-1 -> -9), very quick, not resistant to
hostile enchantments, extremely unstealthy
A: talons 1, rugged brown scales 2
a: no special abilities


You were on level 4 of the Dungeon.
You were not hungry.

You visited 1 branch of the dungeon, and saw 4 of its levels.

You collected 209 gold pieces.

Inventory:

Hand Weapons
 a - a +0 flail (weapon)
Armour
 b - a +0 scale mail (worn)
 c - a +0 shield (worn)
 u - a cursed +0 cloak (worn)
 A - a +0 pair of gloves (worn)
 B - a cursed +0 chain mail
Jewellery
 p - a ring of magical power (left hand)
 t - a ring of fire (right hand)
 D - an amulet of faith (around neck)
Scrolls
 g - 2 scrolls of teleportation
 h - a scroll of blinking {unknown}
 m - a scroll of immolation
 n - a scroll of identify {unknown}
 o - a scroll of fog
 r - a scroll of remove curse {unknown}
 v - a scroll of random uselessness {unknown}
 w - a scroll of magic mapping {unknown}
 y - a scroll of enchant weapon {unknown}
 z - a scroll of noise {unknown}
Potions
 f - a potion of agility {unknown}
 l - a potion of flight
Comestibles
 e - 6 bread rations
 i - 3 beef jerkies
 j - a chunk of flesh
 k - 3 meat rations
 x - 3 fruits


   Skills:
 + Level 4.2 Fighting
 * Level 3.6 Maces & Flails
 + Level 3.6 Armour
 + Level 4.0 Shields


You had 5 spell levels left.
You didn't know any spells.

Dungeon Overview and Level Annotations

Branches:
Dungeon (4/15)
 Temple: D:4-7

Altars:
Cheibriados

Annotations:
D:4 Oddball22's ghost, amateur DsFi


Innate Abilities, Weirdness & Mutations

You have sharp toenails.
You are mostly covered in rugged brown scales (AC +2, +5% HP).


Message History

The orc wizard hits you with a dagger of venom.
You are more poisoned.
The orc priest calls down the wrath of Beogh upon you.
Something smites you!
* * * LOW HITPOINT WARNING * * *
You sock the orc wizard!
You kill the orc wizard!
* * * LOW HITPOINT WARNING * * *
You feel sick.
The orc throws a tomahawk of returning.
You block the tomahawk of returning.
You sock the orc!
You kill the orc!
* * * LOW HITPOINT WARNING * * *
You feel sick. You block the orc priest's attack.
The orc hits you but does no damage.
Drink which item? (? for menu, Esc to quit)
It was a potion of berserk rage.
A red film seems to cover your vision as you go berserk!
You feel yourself moving faster!
You feel mighty!
You die...

...... ..... ..#. ## ...
.######## ##.o ........#######..#
#................# ###
...............o## ######.#
.............##o@########......##
.............##......##.........#
..............#..................
..........))..#.................#
..............#..#..............#
................##..............#
................##..............#
................##########..#####
#................#########..#


You could see an orc priest and an orc.

Vanquished Creatures
  2 orc priests (D:3)
  An orc wizard (D:4)
  A worker ant (D:4)
  Jessica (D:3)
  Terence (D:1)
  6 adders
  An ooze (D:1)
  7 orcs
  10 bats
  3 giant cockroaches
  11 hobgoblins
  9 jackals
  A quokka (D:3)
  6 giant geckos
  6 giant newts
  10 goblins
  6 kobolds
  9 rats
91 creatures vanquished.

Notes
Turn   | Place    | Note
--------------------------------------------------------------
     0 | D:1      | Oddball22 the Demonspawn Fighter began the quest for the Orb.
     0 | D:1      | Reached XP level 1. HP: 18/18 MP: 1/1
     6 | D:1      | Noticed a lindwurm
     6 | D:1      | Noticed an anaconda
     6 | D:1      | Noticed a polar bear
     6 | D:1      | Noticed a crocodile
     6 | D:1      | Noticed a killer bee
   374 | D:1      | Gained mutation: You are partially covered in rugged brown scales (AC +1, +3% HP). [demonic ancestry]
   374 | D:1      | Reached XP level 2. HP: 18/24 MP: 2/2
   707 | D:1      | Gained mutation: You are mostly covered in rugged brown scales (AC +2, +5% HP). [demonic ancestry]
   707 | D:1      | Reached XP level 3. HP: 23/30 MP: 3/3
   888 | D:2      | Noticed Terence
   900 | D:1      | Killed Terence
   909 | D:2      | Gained mutation: You have sharp toenails. [demonic ancestry]
   909 | D:2      | Reached XP level 4. HP: 22/36 MP: 4/4
  1962 | D:3      | Noticed Jessica
  1979 | D:3      | Killed Jessica
  1979 | D:3      | Reached XP level 5. HP: 34/44 MP: 5/5
  2364 | D:3      | HP: 2/44 [orc priest/divine providence (14)]
  2374 | D:3      | Reached skill level 4 in Fighting
  2904 | D:4      | Noticed Oddball22's ghost (amateur DsFi)
  3223 | D:4      | Found a snail-covered altar of Cheibriados.
  3229 | D:4      | Reached XP level 6. HP: 50/50 MP: 6/6
  3296 | D:4      | HP: 2/50 [poisoned by an orc wizard]
  3298 | D:4      | Succumbed to an orc wizard's poison

Vault maps used:
D:1:      onia_arrival_zoo_common
D:2:      uniq_terence
D:3:      first_bread, minmay_misc_feat_square, uniq_jessica
D:4:      cheibriados_altar_1, portal_sewer_entry_e

Action                   |  1- 3 |  4- 6 || total
-------------------------+-------+-------++-------
Melee: Flail             |   102 |   262 ||   364
  Use: Potion            |     1 |     7 ||     8
       Scroll            |       |     4 ||     4
  Eat: Chunk             |       |     9 ||     9
